 Dungeon Crawl Stone Soup version 0.17.2 (webtiles) character file.

408 Goblin1989 the Poker (level 6, 0/44 HPs)
             Began as a Demonspawn Wanderer on June 20, 2016.
             Was an Initiate of Ru.
             Slain by a steam dragon (5 damage)
             ... on level 5 of the Dungeon.
             The game lasted 00:14:04 (6208 turns).

Goblin1989 the Poker (Demonspawn Wanderer)          Turns: 6208, Time: 00:14:05

Health: 0/44       AC:  9    Str: 12    XL:     6   Next: 57%
Magic:  15/15      EV:  8    Int: 18    God:    Ru [......]
Gold:   354        SH:  0    Dex: 10    Spells: 0 memorised, 5 levels left

rFire  . . .     SeeInvis .     b - +0 spear
rCold  . . .     Clarity  .     o - +0 scale mail
rNeg   . . .     SustAt   .     (no shield)
rPois  .         Gourm    .     (no helmet)
rElec  .         Spirit   .     (no cloak)
rCorr  .         Warding  .     n - +0 pair of gloves
rMut   .         Stasis   .     m - +0 pair of boots (curse)
MR     .....                    (no amulet)
Stlth  +.........               (no ring)
                                d - ring of magical power {MP+9}

@: not resistant to hostile enchantments, very unstealthy
A: nightstalker 1
a: Renounce Religion


You were on level 5 of the Dungeon.
You worshipped Ru.
Ru was noncommittal.
You were hungry.

You visited 2 branches of the dungeon, and saw 6 of its levels.

You collected 354 gold pieces.

Inventory:

Hand Weapons
 b - a +0 spear (weapon)
 i - a +1 hunting sling of evasion
Missiles
 p - 36 arrows
 q - 20 arrows of frost
 y - 6 arrows of dispersal {=f}
Armour
 m - a cursed +0 pair of boots (worn)
 n - a +0 pair of gloves (worn)
 o - a +0 scale mail (worn)
Jewellery
 d - a ring of magical power (left hand) {MP+9}
Scrolls
 a - 2 scrolls of recharging {unknown}
 f - 5 scrolls of identify {unknown}
 j - a scroll of teleportation {unknown}
 k - a scroll of amnesia {unknown}
 l - a scroll of immolation {unknown}
 r - a scroll of fear {unknown}
 s - 2 scrolls of remove curse {unknown}
 t - 2 scrolls of enchant weapon {unknown}
 u - a scroll of random uselessness {unknown}
 z - a scroll of magic mapping {unknown}
Potions
 c - 3 potions of curing
 x - a potion of berserk rage {unknown}
Comestibles
 e - 2 bread rations
 g - 3 beef jerkies
 h - 5 meat rations
 v - 2 fruits


   Skills:
 - Level 2.2 Fighting
 + Level 5.7 Polearms
   Level 2.0 Bows
 - Level 3.6 Armour
   Level 1.0 Shields
 - Level 1.0 Unarmed Combat
   Level 1.0 Evocations


You had 5 spell levels left.
You didn't know any spells.

Dungeon Overview and Level Annotations

Branches:
Dungeon (5/15)             Temple (1/1) D:4

Altars:
Cheibriados
Dithmenos
Elyvilon
Fedhas
Gozag
Makhleb
Okawaru
Ru
Trog
Vehumet
Yredelemnul
The Shining One


Innate Abilities, Weirdness & Mutations

You are slightly more attuned to the shadows.


Message History

The steam dragon closely misses you.
You are feeling hungry.
The steam dragon bites you. The steam dragon claws you.
You take 2 damage, and have 18/44 hp.
You bump into the rock wall.
You feel less invigorated.
You feel less confused. The steam dragon closely misses you.
The steam dragon barely misses you.
You regained 4 hp, and now have 22/44 hp.
You hit the steam dragon but do no damage.
You closely miss the steam dragon. The steam dragon breathes steam at you.
The ball of steam hits you!
* * * LOW HITPOINT WARNING * * *
You take 16 damage, and have 6/44 hp.
MASSIVE DAMAGE!!
The jelly quivers.
The steam dragon closely misses you. The steam dragon claws you.
* * * LOW HITPOINT WARNING * * *
You take 1 damage, and have 5/44 hp.
The steam dragon bites you.
You die...

#########
#####.......#
+...........#
#####D#######
...>+...@........
....#####.#######
...............
#.........#####
#..(..J........
#........#.....
#####........+.....
#.. .............#
...( #.#
###.........# ...


You could see a steam dragon.

Vanquished Creatures
  A giant frog (D:5)
  A centaur skeleton (D:4)
  A giant frog skeleton (D:4)
  2 hounds
  6 adders
  4 gnolls
  3 oozes
  3 worms
  2 giant geckos (D:2)
  8 orcs
  5 giant cockroaches
  7 goblins
  8 hobgoblins
  22 jackals
  7 kobolds
  3 quokkas
  A ball python (D:1)
  A ball python skeleton (D:4)
  8 bats
  5 giant newts
  11 rats
109 creatures vanquished.

Notes
Turn   | Place    | Note
--------------------------------------------------------------
     0 | D:1      | Goblin1989 the Demonspawn Wanderer began the quest for the Orb.
     0 | D:1      | Goblin1989 set off with: a +2 shortbow, 21 arrows, a potion of curing, a +0 ring mail, a bread ration
     0 | D:1      | Reached XP level 1. HP: 16/16 MP: 1/1
    69 | D:1      | Gained mutation: You are slightly more attuned to the shadows. [demonic ancestry]
    69 | D:1      | Reached XP level 2. HP: 22/22 MP: 2/2
   506 | D:1      | Reached skill level 1 in Polearms
   796 | D:1      | Reached XP level 3. HP: 27/27 MP: 3/3
  1725 | D:2      | Reached XP level 4. HP: 15/33 MP: 4/4
  1895 | D:2      | Found a faded altar to an unknown god.
  1966 | D:2      | HP: 1/33 [adder (2)]
  2989 | D:3      | Reached XP level 5. HP: 32/38 MP: 5/5
  3737 | D:3      | Reached skill level 4 in Polearms
  4402 | D:4      | Found a staircase to the Ecumenical Temple.
  4444 | Temple   | Entered the Ecumenical Temple
  4573 | Temple   | Became a worshipper of Ru the Awakened
  5061 | D:4      | Reached skill level 5 in Polearms
  5061 | D:4      | Reached XP level 6. HP: 42/44 MP: 6/6
  5736 | D:5      | Entered Level 5 of the Dungeon
  6189 | D:5      | Noticed a steam dragon
  6208 | D:5      | Slain by a steam dragon

Action                   |  1- 3 |  4- 6 || total
-------------------------+-------+-------++-------
Melee: Spear             |   179 |   450 ||   629
       Unarmed           |     8 |       ||     8
 Fire: Shortbow          |     9 |       ||     9
  Use: Potion            |       |     3 ||     3
 Stab: Sleeping          |     2 |     2 ||     4
       Distracted        |       |     1 ||     1
  Eat: Chunk             |     2 |    13 ||    15
       Royal jelly       |       |     1 ||     1
